 Dungeon Crawl Stone Soup version 0.25-a0-949-gdd2af9e06e (webtiles) character file.

Game seed: 13152649440746327198, levelgen mode: classic

12032 Amnesiac the Destroyer (level 11, -2/71 HPs)
             Began as a Deep Elf Wizard on May 8, 2020.
             Was a Priest of Vehumet.
             Slain by Jorgrun
             ... wielding a +0 vorpal quarterstaff
              (12 damage)
             ... on level 2 of the Orcish Mines.
             The game lasted 00:33:07 (16362 turns).

Amnesiac the Destroyer (Deep Elf Wizard)           Turns: 16362, Time: 00:33:08

Health: -2/71      AC:  5    Str:  4    XL:     11   Next: 57%
Magic:  5/36       EV: 18    Int: 27    God:    Vehumet [***...]
Gold:   1001       SH:  0    Dex: 13    Spells: 8/31 levels left

rFire    . . .     SeeInvis .   a - +1 great sword (vorpal)
rCold    . . .     Gourm    .   (shield currently unavailable)
rNeg     . . .     Faith    .   F - +0 robe
rPois    .         Spirit   .   o - +0 helmet
rElec    .         Reflect  .   L - +0 cloak
rCorr    .         Harm     .   (no gloves)
MR       +....                  V - +0 pair of boots
Stlth    +.........             (no amulet)
HPRegen  0.21/turn              q - ring of magical power
MPRegen  0.25/turn              A - +2 ring of slaying

@: confused, studying Fighting
A: no striking features
a: Renounce Religion


You were on level 2 of the Orcish Mines.
You worshipped Vehumet.
Vehumet was most pleased with you.
You were not hungry.

You visited 3 branches of the dungeon, and saw 13 of its levels.

You collected 1001 gold pieces.

Inventory:

Hand Weapons
 a - a +1 vorpal great sword (weapon)
 b - the +9 lajatang of Paper {vorpal, +Rage rPois MR+}
   (You found it on level 10 of the Dungeon)

   It inflicts extra damage upon your enemies.
   It protects you from poison.
   It affects your resistance to hostile enchantments.
   It lets you go berserk.
Missiles
 j - 68 poisoned darts (quivered)
 l - 73 sling bullets
 J - 8 large rocks
 T - 214 stones
Armour
 o - a +0 helmet (worn)
 F - a +0 robe (worn)
 L - a +0 cloak (worn)
 O - +0 swamp dragon scales
 V - a +0 pair of boots (worn)
 W - a +1 robe
Jewellery
 c - an uncursed ring of fire
 q - a ring of magical power (left hand)
 t - an uncursed ring of see invisible
 A - a +2 ring of slaying (right hand)
 K - a cursed ring of attention {unknown}
 N - an uncursed ring of resist corrosion
Wands
 n - a wand of random effects (18)
 s - a wand of paralysis (14)
 u - a wand of digging (12)
 G - a wand of iceblast (2)
 R - a wand of flame (33)
Scrolls
 e - 2 scrolls of blinking {!r}
 g - 8 scrolls of teleportation {!r}
 i - a scroll of magic mapping {!r, unknown}
 k - 3 scrolls of remove curse {!r}
 m - 3 scrolls of identify {!r}
 r - 2 scrolls of fog {!r}
 x - 2 scrolls of amnesia {!r}
 y - a scroll of fear {!r}
 H - a scroll of enchant armour {!r}
 I - 2 scrolls of enchant weapon {!r}
 M - a scroll of acquirement {!r}
 P - a scroll of noise {!r, unknown}
Potions
 f - a potion of brilliance {!q}
 h - 4 potions of heal wounds {!q}
 p - 2 potions of lignification {!q}
 v - 4 potions of flight {!q}
 w - a potion of ambrosia {!q}
 z - 3 potions of curing {!q}
 B - a potion of might {!q, unknown}
 C - 2 potions of stabbing {!q, unknown}
 E - 2 potions of mutation {!q, unknown}
Books
 D - a manual of Fighting
Miscellaneous
 Q - a phial of floods
 S - a tin of tremorstones
Comestibles
 d - 20 rations


   Skills:
 + Level 9.0 Fighting
 + Level 10.2 Dodging
 - Level 3.0 Stealth
 + Level 10.9 Spellcasting
 * Level 12.6 Conjurations
 - Level 1.1 Summonings
 - Level 1.1 Translocations
 - Level 3.0 Evocations


You had 8 spell levels left.
You knew the following spells:

 Your Spells              Type           Power        Failure   Level  Hunger
a - Poisonous Vapours     Pois/Air       ##....       6%          2    None
b - Call Imp              Summ           ###.....     3%          2    None
c - Magic Dart            Conj           ####         0%          1    None
d - Searing Ray           Conj           ######       1%          2    None
e - Mephitic Cloud        Conj/Pois/Air  #####...     1%          3    None
f - Iskenderun's Mystic   Conj/Tloc      ######..     1%          4    None
g - Fulminant Prism       Conj/Hex       #####.....   1%          4    None
s - Conjure Flame         Conj/Fire      #####...     1%          3    None
v - Blink                 Tloc           N/A          3%          2    None

Your spell library contained the following spells:

 Spells                   Type           Power        Failure   Level  Hunger
 Inner Flame              Hex/Fire       ##......     3%          3    None
 Dazzling Flash           Conj/Hex       #####.       1%          3    None
 Apportation              Tloc           ###...       2%          1    None
 Summon Small Mammal      Summ           ###.         2%          1    None
 Ignite Poison            Fire/Tmut/Pois ##......     3%          3    None
 Animate Skeleton         Necr           N/A          4%          1    None
 Corona                   Hex            ##.....      4%          1    None
 Sting                    Tmut/Pois      ##..         4%          1    None
 Slow                     Hex            ##......     6%          2    None
 Olgreb's Toxic Radiance  Pois           ##......     11%         4    None
 Freezing Cloud           Conj/Ice/Air   #####.....   26%         6    #####..
 Leda's Liquefaction      Hex/Erth       ##........   36%         4    None
 Summon Mana Viper        Hex/Summ       ###.....     65%         5    ###....


Dungeon Overview and Level Annotations

Branches:
Dungeon (10/15)            Temple (1/1) D:7            Lair (0/6) D:10
    Orc (2/2) D:10
    Elf: Orc:2

Altars:
Ashenzari
Cheibriados
Elyvilon
Gozag
Hepliaklqana
Kikubaaqudgha
Makhleb
Nemelex Xobeh
Okawaru
Qazlal
Ru
Sif Muna
Trog
Uskayaw
Vehumet
Wu Jian
Xom
Yredelemnul
The Shining One
Beogh

Shops:
D:7 :   D:8 %

Annotations:
Orc:2 Jorgrun


Message History

Jorgrun is engulfed in noxious fumes.
Jorgrun appears confused.
The searing ray hits the orc warrior but does no damage.
The orc warrior is heavily wounded.
The searing ray hits the orc warrior!
You kill the orc warrior!
Vehumet accepts your kill.
Your magical contamination has completely faded away.
Casting: Searing Ray (safe; 1% risk of failure)
Confirm with . or Enter, or press ? or * to list all spells.
Aiming: Poisonous Vapours (safe; 6% risk of failure)
Press: ? - help, Dir - move target cursor, f - Jorgrun
Aim: Jorgrun, wielding a +0 vorpal quarterstaff and wearing a +2 robe of the Archmagi (lightly wounded, poisoned, confused) Poisonous vapours surround Jorgrun!
Casting: Poisonous Vapours (safe; 6% risk of failure)
Confirm with . or Enter, or press ? or * to list all spells.
Aiming: Poisonous Vapours (safe; 6% risk of failure)
Press: ? - help, Dir - move target cursor, f/p - Jorgrun
Aim: Jorgrun, wielding a +0 vorpal quarterstaff and wearing a +2 robe of the Archmagi (lightly wounded, poisoned, confused) Poisonous vapours surround Jorgrun!
Jorgrun is engulfed in poison gas.
Jorgrun looks even sicker.
Jorgrun hits you with a +0 vorpal quarterstaff.
Casting: Poisonous Vapours (safe; 6% risk of failure)
Confirm with . or Enter, or press ? or * to list all spells.
Aiming: Poisonous Vapours (safe; 6% risk of failure)
Press: ? - help, Dir - move target cursor, f/p - Jorgrun
Aim: Jorgrun, wielding a +0 vorpal quarterstaff and wearing a +2 robe of the Archmagi (lightly wounded, very poisoned, confused) Poisonous vapours surround Jorgrun!
Jorgrun is engulfed in poison gas.
Jorgrun looks even sicker.
Jorgrun hits you with a +0 vorpal quarterstaff.
Casting: Poisonous Vapours (safe; 6% risk of failure)
Confirm with . or Enter, or press ? or * to list all spells.
Aiming: Poisonous Vapours (safe; 6% risk of failure)
Press: ? - help, Dir - move target cursor, f/p - Jorgrun
Aim: Jorgrun, wielding a +0 vorpal quarterstaff and wearing a +2 robe of the Archmagi (lightly wounded, very poisoned, confused) Poisonous vapours surround Jorgrun!
Jorgrun is engulfed in poison gas.
Jorgrun looks as sick as possible!
Jorgrun closely misses you.
You riposte.
You hit Jorgrun.
Jorgrun is moderately wounded.
Casting: Poisonous Vapours (safe; 6% risk of failure)
Confirm with . or Enter, or press ? or * to list all spells.
Aiming: Mephitic Cloud (safe; 1% risk of failure)
Press: ? - help, Shift-Dir - straight line, f/p - Jorgrun
Aim: Jorgrun, wielding a +0 vorpal quarterstaff and wearing a +2 robe of the Archmagi (moderately wounded, extremely poisoned, confused) That beam is likely to hit you.
Continue anyway?
The ball explodes into a vile cloud!
The stinking cloud engulfs Jorgrun but does no damage.
Jorgrun is moderately wounded.
The stinking cloud engulfs you but does no damage.
You are engulfed in noxious fumes.
You choke on the stench!
You are confused.
Jorgrun seems less confused.
Jorgrun is engulfed in noxious fumes.
Jorgrun gestures at you while chanting.
The wall shatters!
The blast of rock fragments hits you!!!
Ouch! That really hurt!
* * * LOW HITPOINT WARNING * * *
Unknown command.
Unknown command.
You bump into the rock wall.
You are engulfed in noxious fumes.
You choke on the stench!
You are more confused.
* * * LOW HITPOINT WARNING * * *
Jorgrun is engulfed in noxious fumes.
Jorgrun hits you with a +0 vorpal quarterstaff!
You die...

###.........
##.........
#........#
##.......## ...
#.....<...## #....
#.........###.....
#................
##.##...........#
#...#@○.........
##.#.§g......#
####☼##....##
#........#
#.............
#..............
#.#.............
.........#.#†...
.^...g...###.)..


You could see Jorgrun.

Vanquished Creatures
  A stone giant (Orc:1)
  A hydra (D:9)
  A deep elf mage (D:9)
  An orc sorcerer (Orc:1)
  A cyclops (Orc:1)
  Maggie (D:7)
  The ghost of TimmyIs the Chiller, a novice DrIE of Nemelex Xobeh (D:6)
  A troll (Orc:1)
  Prince Ribbit (D:5)
  A meliai zombie (D:10)
  2 dream sheep (D:9)
  A hippogriff (D:10)
  2 yaks (D:9)
  A vampire mosquito (D:9)
  6 sky beasts
  2 ice beasts
  12 orc warriors
  A black bear (D:8)
  A necrophage (D:9)
  6 phantoms
  7 ogres
  5 centaurs
  A crocodile (D:10)
  3 big kobolds (D:9)
  3 scorpions
  11 killer bees
  6 howler monkeys
  An electric eel (D:7)
  6 crimson imps
  2 bullfrog zombies (D:8)
  A quasit (D:8)
  11 orc wizards
  6 hounds
  3 jellies
  3 bullfrog skeletons
  A centaur skeleton (D:6)
  12 orc priests
  Crazy Yiuf (D:6)
  Jessica (D:3)
  Terence (D:2)
  Ijyb (D:5)
  8 iguanas
  9 worker ants
  A hound zombie (D:7)
  4 hound skeletons
  Robin (D:2)
  16 adders
  6 gnolls
  A shadow imp (D:8)
  3 worms
  2 dart slugs
  4 leopard geckos
  70 orcs
  10 giant cockroaches
  15 goblins
  10 hobgoblins
  18 jackals
  8 kobolds
  7 quokkas
  5 ball pythons
  9 bats
  4 frilled lizards
  A leopard gecko skeleton (D:7)
  A quokka skeleton (D:4)
  A quokka zombie (D:8)
  8 rats
352 creatures vanquished.

Vanquished Creatures (collateral kills)
  A scorpion (D:4)
  An orc wizard (D:2)
2 creatures vanquished.

Vanquished Creatures (others)
  12 fulminant prisms
12 creatures vanquished.

Grand Total: 366 creatures vanquished

Notes
Turn   | Place    | Note
-------+----------+-------------------------------------------
     0 | D:1      | Amnesiac the Deep Elf Wizard began the quest for the Orb.
     0 | D:1      | Reached XP level 1. HP: 10/10 MP: 7/7
   207 | D:1      | Reached skill level 2 in Conjurations
   291 | D:1      | Reached XP level 2. HP: 15/15 MP: 4/9
   295 | D:1      | Learned a level 2 spell: Blink
   298 | D:1      | Learned a level 2 spell: Call Imp
   306 | D:2      | Noticed Robin
   632 | D:1      | Reached skill level 3 in Conjurations
   839 | D:1      | Reached XP level 3. HP: 19/19 MP: 4/11
   844 | D:1      | Learned a level 3 spell: Conjure Flame
   848 | D:1      | Learned a level 3 spell: Mephitic Cloud
  1551 | D:2      | Reached skill level 4 in Conjurations
  1555 | D:2      | Reached XP level 4. HP: 24/24 MP: 2/12
  1709 | D:2      | Killed Robin
  1961 | D:2      | Noticed Terence
  2178 | D:2      | Reached skill level 1 in Evocations
  2293 | D:2      | Found a snail-covered altar of Cheibriados.
  2350 | D:2      | Reached XP level 5. HP: 28/28 MP: 11/13
  2553 | D:2      | Reached skill level 5 in Conjurations
  2684 | D:2      | Found a shimmering altar of Xom.
  2757 | D:2      | Killed Terence
  2854 | D:3      | Noticed Jessica
  3249 | D:3      | Found a sparkling altar of Nemelex Xobeh.
  3620 | D:3      | Reached skill level 1 in Fighting
  3620 | D:3      | Reached XP level 6. HP: 14/34 MP: 4/14
  4561 | D:3      | Killed Jessica
  4649 | D:3      | Found a faded altar of an unknown god.
  5381 | D:4      | Reached XP level 7. HP: 29/40 MP: 1/16
  5573 | D:4      | Found a stormy altar of Qazlal.
  5946 | D:4      | Reached skill level 5 in Spellcasting
  6425 | D:4      | Found a hazy altar of Hepliaklqana.
  6724 | D:5      | Identified a paperback manual
  6724 | D:5      | Entered Level 5 of the Dungeon
  6741 | D:5      | Reached skill level 6 in Conjurations
  6788 | D:5      | Reached skill level 5 in Dodging
  7373 | D:5      | Noticed Prince Ribbit
  7383 | D:5      | Found a bloodstained altar of Trog.
  7393 | D:5      | Killed Prince Ribbit
  7393 | D:5      | Reached XP level 8. HP: 24/46 MP: 15/18
  7407 | D:5      | Reached skill level 7 in Conjurations
  7417 | D:5      | Found an ancient bone altar of Kikubaaqudgha.
  7417 | D:5      | Found a shattered altar of Ashenzari.
  7628 | D:5      | Noticed Ijyb
  7653 | D:5      | Killed Ijyb
  8208 | D:5      | Found an ornate altar of the Wu Jian Council.
  8543 | D:6      | Reached skill level 8 in Conjurations
  8611 | D:6      | Found a runed translucent door.
  8829 | D:6      | Noticed TimmyIs's ghost (novice DrIE)
  8864 | D:6      | Killed TimmyIs's ghost
  8864 | D:6      | Reached XP level 9. HP: 4/52 MP: 17/21
  9452 | D:6      | Reached skill level 5 in Fighting
  9782 | D:6      | Found a runed translucent door.
  9783 | D:6      | Got a translucent mace
  9784 | D:6      | Noticed Crazy Yiuf
  9821 | D:6      | Killed Crazy Yiuf
 10077 | D:7      | Reached skill level 9 in Conjurations
 10336 | D:7      | Learned a level 2 spell: Poisonous Vapours
 10570 | D:7      | Found a staircase to the Ecumenical Temple.
 10721 | Temple   | Entered the Ecumenical Temple
 10746 | Temple   | Became a worshipper of Vehumet
 11369 | D:7      | Found Gofoajye's Book Shop.
 11379 | D:7      | Noticed Maggie
 11390 | D:7      | Killed Maggie
 11761 | D:8      | Reached skill level 10 in Conjurations
 11959 | D:8      | Reached XP level 10. HP: 60/60 MP: 24/24
 12100 | D:8      | Learned a level 2 spell: Searing Ray
 12105 | D:8      | Learned a level 4 spell: Iskenderun's Mystic Blast
 12110 | D:8      | Learned a level 4 spell: Fulminant Prism
 12167 | D:8      | Reached * piety under Vehumet
 12167 | D:8      | Offered knowledge of Sandblast by Vehumet.
 12606 | D:8      | Found Jeuj Hae's Food Boutique.
 12798 | D:8      | Found an opulent altar of Gozag.
 13234 | D:9      | Found a runed translucent door.
 13474 | D:9      | Found a glowing golden altar of the Shining One.
 13567 | D:9      | Got an iridescent whip
 13573 | D:9      | Identified a scroll of acquirement {!r}
 13591 | D:9      | Identified the +4 mace of the Middle {speed, Int+2} (You
                  | found it on level 6 of the Dungeon)
 13592 | D:9      | Identified the +10 whip of Mastery {elec, rPois MR- Int+3}
                  | (You found it on level 9 of the Dungeon)
 13627 | D:9      | Found a shimmering altar of Xom.
 13628 | D:9      | Noticed a deep elf mage
 13634 | D:9      | Killed a deep elf mage
 13634 | D:9      | Reached skill level 11 in Conjurations
 13744 | D:9      | Noticed a three-headed hydra
 13762 | D:9      | Killed a three-headed hydra
 13839 | D:9      | Reached ** piety under Vehumet
 13846 | D:9      | Reached skill level 10 in Spellcasting
 14003 | D:9      | Offered knowledge of Shock by Vehumet.
 14136 | D:9      | Found an iron altar of Okawaru.
 14270 | D:10     | Entered Level 10 of the Dungeon
 14282 | D:10     | Found a staircase to the Orcish Mines.
 14423 | D:10     | Reached XP level 11. HP: 68/68 MP: 27/27
 14728 | D:10     | Found a staircase to the Lair.
 14955 | D:10     | Identified Sif Muna's Guide on Arcane Weapons and Beguiling
 14962 | D:10     | Got a pitted lajatang
 14975 | D:10     | Identified the +9 lajatang of Paper {vorpal, +Rage rPois
                  | MR+} (You found it on level 10 of the Dungeon)
 15029 | D:10     | Offered knowledge of Static Discharge by Vehumet.
 15322 | Orc:1    | Entered Level 1 of the Orcish Mines
 15334 | Orc:1    | Reached *** piety under Vehumet
 15343 | Orc:1    | Reached skill level 12 in Conjurations
 15378 | Orc:1    | Offered knowledge of Inner Flame by Vehumet.
 15728 | Orc:1    | Found a roughly hewn altar of Beogh.
 15773 | Orc:1    | Noticed an orc sorcerer
 15780 | Orc:1    | Killed an orc sorcerer
 15780 | Orc:1    | Reached skill level 10 in Dodging
 16022 | Orc:1    | Noticed a stone giant
 16067 | Orc:1    | Killed a stone giant
 16317 | Orc:2    | Entered Level 2 of the Orcish Mines
 16335 | Orc:2    | Noticed Jorgrun
 16362 | Orc:2    | Slain by Jorgrun

Levels and vault maps discovered:
D:1:      minmay_arrival_pointy, layout_basic, minmay_stone_trees_medium
D:2:      layout_rooms, cheibriados_altar_1, tgw_xom,
          minmay_goblin_kobold_house, uniq_robin, uniq_terence
D:3:      layout_basic, lemuel_crystal_altar, chequers_ecumenical_altar_island,
          uniq_jessica
D:4:      layout_loops_ring, kennysheep_mini_moat, kennysheep_mini,
          first_ration, chequers_serial_rivers_micro_b
D:5:      layout_loops_corners, minitemple, marbit_many_paths,
          minmay_manual_moon, uniq_ijyb, uniq_prince_ribbit1
D:6:      layout_basic, ebering_ghost_reflecting_pool,
          chequers_serial_rivers_micro_b, uniq_crazy_yiuf_cottage
D:7:      layout_gridville, temple_doors_ab, serial_shops, shop,
          serial_bayou_lagoon_a, uniq_maggie
D:8:      layout_loops_corners, grunt_gozag_breadcrumbs, serial_shops, shop
D:9:      layout_cave_pools, lemuel_coloured_pillars_altar,
          nicolae_overflow_crystal_walls, hangedman_ranch
          [blue_anna_fruit_fields], minmay_st_funbox, david_defended_altar_elf
D:10:     layout_rooms, lair_entry_dummy, orc_0_dummy, kennysheep_generic_room_7
Temple:   compressed_dpeg_circular_temple
Orc:1:    layout_caves, basic_altar
Orc:2:    pf_orc_diabolical, layout_diamond_mine, basic_altar, uniq_jorgrun,
          uniq_donald

Skill      XL: |  1  2  3  4  5  6  7  8  9 10 11 |
---------------+----------------------------------+-----
Conjurations   | 2 3 4 5 6 8 10 11 12 | 12.6
Evocations     | 1 3 |  3.0
Stealth        | 3 |  3.0
Fighting       | 1 2 3 4 6 8 9 |  9.0
Dodging        | 3 4 5 6 8 9 10 | 10.2
Spellcasting   | 5 7 8 10 | 10.9
Summonings     | |  1.1
Translocations | |  1.1

Action                   |  1- 3 |  4- 6 |  7- 9 | 10-12 || total
-------------------------+-------+-------+-------+-------++-------
Melee: Mace              |     4 |       |       |       ||     4
       Great sword       |       |       |     9 |    10 ||    19
       Unarmed           |       |       |    12 |       ||    12
 Fire: Hunting sling     |       |    19 |    17 |       ||    36
Throw: Dart              |       |       |    16 |       ||    16
 Cast: Magic Dart        |   100 |   209 |   342 |    18 ||   669
       Call Imp          |       |     9 |     4 |     3 ||    16
       Mephitic Cloud    |       |     1 |    12 |    10 ||    23
       Conjure Flame     |       |       |    14 |     4 ||    18
       Blink             |       |       |     1 |     1 ||     2
       Poisonous Vapours |       |       |    35 |    41 ||    76
       Searing Ray       |       |       |       |    71 ||    71
       Fulminant Prism   |       |       |       |    12 ||    12
       Iskenderun's Myst |       |       |       |    13 ||    13
Evoke: Wand              |       |       |       |    16 ||    16
  Use: Scroll            |       |       |       |    16 ||    16
  Eat: Chunk             |     2 |    11 |    17 |    13 ||    43
       Ration            |       |       |     1 |       ||     1
Armor: Robe              |     2 |     7 |    11 |     9 ||    29
Dodge: Dodged            |    14 |    37 |   108 |    68 ||   227
       Rpst.: Great sword |       |       |    27 |    18 ||    45

Table legend:
 A = Non-vault XP
 B = Vault XP
 C = Vault XP percentage of total XP
 D = Non-vault monster count
 E = Vault monster count
 F = Vault count percentage of total count
                 A         B        C        D         E       F
            +---------+---------+-------+---------+---------+-------
      Total |   12460 |    4729 |  27.5 |     304 |      50 |  14.1
            +---------+---------+-------+---------+---------+-------
        D:1 |      62 |       6 |   8.8 |      34 |       3 |   8.1
        D:2 |     128 |      97 |  43.1 |      24 |      20 |  45.5
        D:3 |     313 |      37 |  10.6 |      33 |       1 |   2.9
        D:4 |     472 |       0 |   0.0 |      32 |       0 |   0.0
        D:5 |     913 |     330 |  26.5 |      19 |       5 |  20.8
        D:6 |     697 |     429 |  38.1 |      14 |       2 |  12.5
        D:7 |    1150 |     428 |  27.1 |      31 |       1 |   3.1
        D:8 |    1264 |       0 |   0.0 |      25 |       0 |   0.0
        D:9 |     809 |    3366 |  80.6 |      16 |      17 |  51.5
       D:10 |    1974 |      36 |   1.8 |      31 |       1 |   3.1
      Orc:1 |    4536 |       0 |   0.0 |      42 |       0 |   0.0
      Orc:2 |     142 |       0 |   0.0 |       3 |       0 |   0.0
            +---------+---------+-------+---------+---------+-------
